 Dungeon Crawl Stone Soup version 0.28-a0-883-gc8d7bad45d (webtiles) character file.

Game seed: 9738515038178630178

1379 ytrimaz the Covered (level 8, -1/63 HPs)
             Began as a Demonspawn Fighter on Nov 21, 2021.
             Slain by Harold (17 damage)
             ... on level 9 of the Dungeon.
             The game lasted 00:07:42 (7092 turns).

ytrimaz the Covered (Demonspawn Fighter)            Turns: 7092, Time: 00:07:43

Health: -1/63      AC:  7    Str: 19    XL:     8   Next: 39%
Magic:  8/8        EV:  9    Int: 10    God:
Gold:   9          SH: 10    Dex: 12    Spells: 7/7 levels left

rFire   + . .      SeeInvis .   s - +0 demon trident
rCold   . . .      Faith    .   c - +1 buckler
rNeg    . . .      Spirit   .   b - +0 scale mail
rPois   .          Reflect  .   (helmet restricted)
rElec   .          Harm     .   (no cloak)
rCorr   .          Rampage  .   (no gloves)
Will    +....      Clarity  +   (no boots)
Stlth   ..........              (no amulet)
HPRegen 0.20/turn               j - ring of protection from fire
MPRegen 0.11/turn               k - ring of willpower

@: marked
A: horns 1, demonic guardian 1, condensation shield, weakness stinger 1,
clarity, subdued magic 1
a: no special abilities


You were on level 9 of the Dungeon.
You visited 1 branch of the dungeon, and saw 7 of its levels.
You also visited: Ossuary.

You collected 189 gold pieces.
You spent 180 gold pieces at shops.

Inventory:

Hand Weapons
 a - a +0 flail of freezing
 s - a +0 demon trident (weapon)
Armour
 b - a +0 scale mail (worn)
 c - a +1 buckler (worn)
Jewellery
 j - a ring of protection from fire (left hand)
 k - a ring of willpower (right hand)
Wands
 g - a wand of mindburst (12)
 o - a wand of polymorph (9)
 q - a wand of flame (34) (quivered)
Scrolls
 e - 4 scrolls of fog
 i - 5 scrolls of teleportation
 u - 4 scrolls of identify
 v - a scroll of blinking
 x - a scroll of enchant armour
Potions
 d - 3 potions of might
 f - a potion of ambrosia {unknown}
 l - 2 potions of curing
 m - 2 potions of cancellation {unknown}
 n - 2 potions of flight {unknown}
 p - a potion of brilliance {unknown}
 r - 2 potions of heal wounds {unknown}
 t - a potion of attraction {unknown}
 w - a potion of invisibility {unknown}


   Skills:
 + Level 5.5 Fighting
 - Level 1.8 Maces & Flails
 * Level 4.5 Polearms
 + Level 6.2 Armour
 + Level 4.8 Shields
 - Level 0.3 Evocations


You had 7 spell levels left.
You didn't know any spells.
Your spell library contained the following spells:

 Spells                   Type           Power      Damage    Failure   Level
 Apportation              Tloc           0%         N/A       67%         1
 Passwall                 Tmut/Erth      0%         N/A       80%         2
 Swiftness                Air            0%         N/A       96%         3
 Alistair's Intoxication  Tmut/Pois      0%         N/A       100%        5


Dungeon Overview and Level Annotations

Branches:
Dungeon (6/15)            Ossuary (visited)
 Temple: D:4-7

Altars:
Hepliaklqana

Shops:
D:4 *   D:5 *

Annotations:
D:9 Harold


Innate Abilities, Weirdness & Mutations

You have a pair of small horns on your head.
A weak demonic guardian rushes to your aid.
A meltable shield of frost defends you. (SH +4)
You have a small tail.
You possess an exceptional clarity of mind.
Your spells are a little easier to cast, but a little less powerful.


Message History

You puncture the hornet zombie!
The hornet zombie is severely damaged.
You block the hornet zombie's attack.
You puncture the hornet zombie! You headbutt the hornet zombie.
You destroy the hornet zombie!
No target in view!
No target in view!
No target in view!
No target in view!
No target in view!
No target in view!
No target in view!
No target in view!
No target in view!
Found 16 stones.
Found an escape hatch in the floor.
Found a stone staircase leading up.
Found a stone staircase leading down.
Harold the Weathered comes into view.
He is wielding a +4 battleaxe of holy wrath and wearing a +3 chain mail of fire resistance.
Harold drinks a potion.
Harold seems to speed up.
Harold throws a throwing net.
You block the throwing net.
You see here a throwing net.
Harold throws a throwing net.
The throwing net hits you.
You become entangled in the net!
You see here a throwing net.
You struggle against the net.
You struggle against the net.
You struggle against the net.
You rip the net and break free!
Harold completely misses you. Harold barely misses you.
Harold points at you and mumbles some strange words.
You barely resist.
Harold hits you with a +4 battleaxe of holy wrath!!
You convulse.
Harold gestures at you while chanting. A sentinel's mark forms upon you.
Harold hits you with a +4 battleaxe of holy wrath!
* * * LOW HITPOINT WARNING * * *
You convulse!
You die...

....######.#
.........#.####.>.
#...(.......
#.##.##.#...
#.##.# # #....# .#
#..####.####
#.@#<......# ..
#..@....##.#....
##.#.......#....
...#.##....>...#
#####.......#..#
#..............
#..#.......##.#.
#..#............
#..#....##.###..
#.(#.#.###.#


You could see Harold (fast).

Vanquished Creatures
  Sigmund (D:5)
  A water moccasin (D:5)
  A hornet zombie (D:9)
  A necrophage (D:4)
  A centaur (D:6)
  A phantom (D:4)
  2 scorpions (D:6)
  A wyvern skeleton (D:5)
  A bullfrog zombie (D:5)
  A jelly (D:5)
  A human zombie (Ossuary)
  A centaur zombie (Ossuary)
  2 orc priests
  5 iguanas
  3 mummies (Ossuary)
  2 howler monkey zombies
  4 gnolls (D:4)
  6 adders
  An ufetubus (D:4)
  An adder skeleton (D:4)
  A worm (D:5)
  3 dart slugs
  14 orcs
  4 endoplasms
  6 giant cockroaches
  4 goblins
  10 hobgoblins
  3 jackals (D:4)
  A quokka (D:2)
  6 ball pythons
  6 bats
  3 frilled lizards
  A gnoll zombie (Ossuary)
  A goblin zombie (Ossuary)
  6 kobolds
  A kobold zombie (Ossuary)
  3 orc zombies (Ossuary)
  5 rats
115 creatures vanquished.

Vanquished Creatures (collateral kills)
  An orc priest (D:6)
  An orc (D:6)
2 creatures vanquished.

Vanquished Creatures (others)
  An orc wizard (D:6)
  3 fungi (D:3)
  A withered plant (D:3)
5 creatures vanquished.

Grand Total: 122 creatures vanquished

Notes
Turn   | Place    | Note
-------+----------+-------------------------------------------
     0 | D:1      | ytrimaz the Demonspawn Fighter began the quest for the Orb.
     0 | D:1      | Reached XP level 1. HP: 18/18 MP: 1/1
   153 | D:1      | Discovered your monstrous ancestry.
   153 | D:1      | Gained mutation: You have a small tail. [demonic ancestry]
   153 | D:1      | Reached XP level 2. HP: 20/24 MP: 2/2
   626 | D:1      | Reached skill level 3 in Armour
  1411 | D:2      | Reached XP level 3. HP: 19/29 MP: 3/3
  1628 | D:2      | Gained mutation: A frigid envelope surrounds you and
                  | freezes all who hurt you. [potion of mutation]
  1628 | D:2      | Gained mutation: Your mind is acute. (Int +2) [potion of
                  | mutation]
  2208 | D:3      | Found a hazy altar of Hepliaklqana.
  2359 | D:3      | Gained mutation: A weak demonic guardian rushes to your
                  | aid. [demonic ancestry]
  2359 | D:3      | Reached XP level 4. HP: 36/36 MP: 4/4
  2583 | D:3      | Found a faded altar of an unknown god.
  3154 | D:4      | Gained mutation: A meltable shield of frost defends you.
                  | (SH +4) [demonic ancestry]
  3154 | D:4      | Reached XP level 5. HP: 38/42 MP: 5/5
  3158 | D:4      | Reached skill level 4 in Armour
  3268 | D:4      | Found Aruess's General Store.
  3393 | D:4      | Noticed a necrophage
  3402 | D:4      | Killed a necrophage
  3546 | D:4      | Gained mutation: You have a pair of small horns on your
                  | head. [demonic ancestry]
  3546 | D:4      | Reached XP level 6. HP: 48/49 MP: 6/6
  3633 | D:4      | Reached skill level 1 in Polearms
  4260 | D:4      | Identified the +0 cloak "Huit" {Drain rN+++ Int-4 Slay+2}
  4483 | D:5      | Entered Level 5 of the Dungeon
  4558 | D:5      | Reached skill level 5 in Armour
  4915 | D:5      | Found a sand-covered staircase.
  4920 | Ossuary  | Entered an ossuary
  4941 | Ossuary  | Reached XP level 7. HP: 55/55 MP: 7/7
  5268 | D:5      | Noticed Sigmund
  5278 | D:5      | Killed Sigmund
  5279 | D:5      | Reached skill level 5 in Fighting
  5610 | D:4      | Bought a +0 demon trident for 180 gold pieces
  5836 | D:5      | Lost mutation: Your mind is acute. (Int +2) [potion of
                  | mutation]
  5836 | D:5      | Lost mutation: A frigid envelope surrounds you and freezes
                  | all who hurt you. [potion of mutation]
  5836 | D:5      | Gained mutation: Your muscles are strong. (Str +2) [potion
                  | of mutation]
  5836 | D:5      | Gained mutation: You are clumsy. (Dex -2) [potion of
                  | mutation]
  5836 | D:5      | Gained mutation: You are partially covered in iridescent
                  | scales. (AC +2) [potion of mutation]
  5837 | D:5      | Lost mutation: Your muscles are strong. (Str +2) [potion of
                  | mutation]
  5837 | D:5      | Lost mutation: You are partially covered in iridescent
                  | scales. (AC +2) [potion of mutation]
  5837 | D:5      | Lost mutation: You are clumsy. (Dex -2) [potion of
                  | mutation]
  5837 | D:5      | Gained mutation: Your spells are a little easier to cast,
                  | but a little less powerful. [potion of mutation]
  5837 | D:5      | Gained mutation: You possess an exceptional clarity of
                  | mind. [potion of mutation]
  5839 | D:5      | Lost mutation: You possess an exceptional clarity of mind.
                  | [potion of mutation]
  5839 | D:5      | Gained mutation: You possess an exceptional clarity of
                  | mind. [potion of mutation]
  5997 | D:5      | Found Wuawkusche's Elemental Accessories.
  6173 | D:6      | Reached skill level 6 in Armour
  6201 | D:6      | Reached XP level 8. HP: 35/62 MP: 8/8
  6983 | D:6      | You fall into a shaft and drop 3 floors!
  7076 | D:9      | Noticed Harold
  7092 | D:9      | Slain by Harold

Illustrated notes

Levels and vault maps discovered:
D:1:      scummos_arrival_simple_fountains, layout_loops_ring,
          kennysheep_nondescript
D:2:      layout_loops_cross, minmay_increasing_density
D:3:      layout_loops_corners, mainiacjoe_overflow_catwalk,
          shapermc_ecumenical_altar_gd
D:4:      layout_layer_cave, serial_shops, shop_fountains, minmay_misc_feat_x
D:5:      layout_basic, enter_ossuary_2, nicolae_elemental_shop, uniq_sigmund
D:6:      layout_rooms, minmay_temple_entry_slanted,
          chequers_serial_rivers_micro_e, minmay_misc_feat_five
D:9:      layout_loops_cross, uniq_harold

Skill      XL: |  1  2  3  4  5  6  7  8 |
---------------+-------------------------+-----
Armour         | 3 4 5 6 |  6.2
Shields        | 3 4 |  4.8
Fighting       | 4 5 |  5.5
Polearms       | 1 2 4 |  4.5
Maces & Flails | |  1.8
Evocations     | |  0.3

Action                   |  1- 3 |  4- 6 |  7- 9 || total
-------------------------+-------+-------+-------++-------
Melee: Flail             |   106 |    91 |    41 ||   238
       Tailslap          |     8 |    14 |    22 ||    44
       Headbutt          |       |    13 |    27 ||    40
       Demon trident     |       |       |    76 ||    76
Evoke: Wand              |       |     3 |    10 ||    13
  Use: Scroll            |     4 |     4 |     1 ||     9
       Potion            |     1 |     1 |     3 ||     5
 Stab: Distracted        |       |       |     1 ||     1
Armor: Scale mail        |    42 |    24 |    18 ||    84
Dodge: Dodged            |    63 |    37 |    42 ||   142
Block: Buckler           |    32 |    33 |    55 ||   120

Table legend: (Time is in decaauts)
 A = Elapsed time spent in this place.
 B = Non-inter-level travel time spent in this place.
 C = Inter-level travel time spent in this place.
 D = Time resting spent in this place.
 E = Time spent auto-exploring this place.
 F = Levels seen in this place.
 G = Mean time per level.
                   A        B        C        D        E       F      G
               +--------+--------+--------+--------+--------+-----+--------+
         Total |   7178 |   6672 |    506 |    743 |   4976 |   8 |  897.2 |
       Dungeon |   6843 |   6337 |    506 |    612 |   4886 |   7 |  977.6 |
       Ossuary |    335 |    335 |      0 |    131 |     90 |   1 |  335.0 |
               +--------+--------+--------+--------+--------+-----+--------+

Top non-repeatable levels by time:
     D:5: 1560 daAuts
     D:4: 1545 daAuts
     D:2: 1298 daAuts
     D:3: 1052 daAuts
     D:1: 735 daAuts
     D:6: 541 daAuts
 Ossuary: 335 daAuts
     D:9: 109 daAuts
